 Dungeon Crawl Stone Soup version 0.13.1-2-gfb2c2b7 (webtiles) character file.

204 xqwzts the Chopper (level 4, -1/39 HPs)
             Began as a Minotaur Fighter on Dec 4, 2013.
             Slain by an ogre
             ... wielding a +0,+0 giant club
              (16 damage)
             ... on Level 3 of the Dungeon on Dec 5, 2013.
             The game lasted 00:29:17 (2875 turns).

xqwzts the Chopper (Minotaur Fighter)               Turns: 2875, Time: 00:29:17

HP  -1/39        AC  8     Str 22      XL: 4   Next: 25%
MP   1/1         EV  6     Int  5      God:
Gold 119         SH 19     Dex  9      Spells:  0 memorised,  3 levels left

Res.Fire  : + . .   See Invis. : +   a - +1 hand axe {=f}
Res.Cold  : . . .   Warding    : .   x - +0 elf scale mail {rF+}
Life Prot.: . . .   Conserve   : .   c - +0 shield
Res.Poison: .       Res.Corr.  : .   (helmet restricted)
Res.Elec. : .       Clarity    : .   (no cloak)
Sust.Abil.: . .     Spirit.Shd : .   (no gloves)
Res.Mut.  : .       Stasis     : .   t - +0 pair of boots
Res.Rott. : .       Flight     : .   e - amulet of the gourmand
Gourmand  : +                        A - ring of see invisible {unknown}
                                     (no ring)

@: slightly resistant to hostile enchantments, extremely unstealthy
A: retaliatory headbutt, horns 2
a: no special abilities


You were on level 3 of the Dungeon.
You were not hungry.

You visited 1 branch of the dungeon, and saw 4 of its levels.

You collected 99 gold pieces.

Inventory:

Hand weapons
 a - a +1,+1 hand axe (weapon) {=f}
 f - a +1,+0 dwarven short sword
 l - a cursed -4,-1 orcish club (quivered)
 q - a +2,+4 dagger
 w - a +0,+1 orcish mace
 B - a -1,+0 orcish dagger
 C - a +0,+0 mace
 D - a +0,+0 mace
 E - a +0,+0 short sword
 H - a -1,+0 orcish flail
Armour
 b - a +1 scale mail
 c - a +0 shield (worn)
 i - a +0 plate armour
 m - a +0 orcish leather armour
 s - a +0 leather armour
 t - a +0 pair of boots (worn)
 x - a +0 elven scale mail of fire resistance (worn)
 G - a +0 ring mail
 K - a +0 ring mail
Magical devices
 u - a wand of digging (6)
Comestibles
 d - 3 bread rations
 J - a pear
Scrolls
 g - a scroll of teleportation
 k - a scroll of random uselessness
 o - a scroll of remove curse
 p - 2 scrolls of enchant weapon I
Jewellery
 e - an amulet of the gourmand (around neck)
 v - an uncursed amulet of faith {unknown}
 y - an uncursed ring of see invisible {unknown}
 A - a ring of see invisible (right hand) {unknown}
 F - a -3 ring of strength
Potions
 h - 3 potions of flight {unknown}
 n - 3 potions of curing {unknown}
 z - a potion of degeneration {unknown}
 L - a potion of might


   Skills:
 - Level 3.6 Fighting
 + Level 5.5 Axes
 - Level 3.6 Armour
 - Level 3.6 Shields


You had 3 spell levels left.
You didn't know any spells.

Dungeon Overview and Level Annotations

Branches:
Dungeon (4/27)
 Temple: D:4-7

Altars:


Innate Abilities, Weirdness & Mutations

You reflexively headbutt those who attack you in melee.
You have a pair of horns on your head.


Message History

You barely miss the rat. Your headbutt misses the rat.
The rat is severely wounded.
The rat bites you but does no damage.
You hit the rat.
You kill the rat!
You start resting.
Eat a chunk of orc flesh? (ye/n/q/i?) This raw flesh tastes good.
You continue eating.
You start resting.
HP restored.
You climb downwards.
The ogre hits you with a giant club!
Ouch! That really hurt!
The goblin skeleton completely misses you.
There is a stone staircase leading up here.
You block the goblin skeleton's attack. The ogre hits you with a giant club.
You climb upwards.
There is a stone staircase leading down here.
The ogre hits you with a giant club!
You die...

#..............................
#..............................
##########.....................
##########.....................
#..............................
#..............##########......
#...........>..# #......
#..............##########......
#.............@................
#..............O..............>
#....%.........................
#.............#########........
#.............# #.......[
#.............#########........
#..............................
############...................
#...................


You could see an ogre.

Vanquished Creatures
  Terence (D:2)
  2 adders
  3 giant geckos
  2 orcs
  5 giant cockroaches
  4 hobgoblins
  8 bats
  2 giant newts
  7 goblins
  9 kobolds
  8 rats
51 creatures vanquished.

Notes
Turn   | Place    | Note
--------------------------------------------------------------
     0 | D:1      | xqwzts, the Minotaur Fighter, began the quest for the Orb.
     0 | D:1      | Reached XP level 1. HP: 19/19 MP: 0/0
   282 | D:1      | Reached XP level 2. HP: 24/26 MP: 0/0
   708 | D:2      | Reached skill level 4 in Axes
   754 | D:2      | Reached XP level 3. HP: 33/33 MP: 1/1
   866 | D:2      | Noticed Terence
   908 | D:2      | Killed Terence
  1011 | D:2      | Reached skill level 5 in Axes
  1968 | D:3      | Reached XP level 4. HP: 39/39 MP: 1/1
  2641 | D:4      | Noticed an ogre
  2875 | D:3      | Slain by an ogre

Action                   |  1- 3 |  4- 6 || total
-------------------------+-------+-------++-------
Melee: Hand axe          |   109 |    32 ||   141
  Use: Scroll            |       |     9 ||     9
